 Dungeon Crawl Stone Soup version 0.26-a0-64-g059e62fbdb (webtiles) character file.

Game seed: 6566527879179112499

9378 Ozzies the Fighter (level 11, -1/79 HPs)
             Began as a Gargoyle Fighter on June 11, 2020.
             Was a High Priest of Okawaru.
             Slain by an eight-headed hydra (5 damage)
             ... on level 11 of the Dungeon.
             The game lasted 00:35:36 (11302 turns).

Ozzies the Fighter (Gargoyle Fighter)              Turns: 11302, Time: 00:35:37

Health: -1/79      AC: 24    Str: 23    XL:     11   Next: 45%
Magic:  14/14      EV:  5    Int:  9    God:    Okawaru [*****.]
Gold:   296        SH: 10    Dex:  9    Spells: 10/10 levels left

rFire    . . .     SeeInvis .   i - +3 whip (freeze)
rCold    + . .     Gourm    .   c - +0 kite shield
rNeg     + . .     Faith    .   x - +0 plate armour
rPois    ∞         Spirit   .   (no helmet)
rElec    +         Reflect  .   G - +1 cloak
rCorr    .         Harm     .   (no gloves)
MR       +....                  J - +0 pair of boots
Stlth    ..........             (no amulet)
HPRegen  0.23/turn              l - ring of protection from cold
MPRegen  0.14/turn              E - ring of protection from magic

@: no status effects
A: negative energy resistance 1, electricity resistance, unbreathing,
petrification resistance, rot immunity, AC +8
a: Heroism, Finesse, Renounce Religion


You were on level 11 of the Dungeon.
You worshipped Okawaru.
Okawaru was extremely pleased with you.
You were very hungry.

You visited 2 branches of the dungeon, and saw 12 of its levels.

You collected 799 gold pieces.
You spent 503 gold pieces at shops.

Inventory:

Hand Weapons
 a - a +0 flail
 i - a +3 whip of freezing (weapon)
 H - the +8 short sword of Exquisite Death {holy, rPois rF- MR++ Str+4}
   (You found it on level 9 of the Dungeon)

   It has been blessed by the Shining One to cause great damage to the undead
   and demons.
   It affects your strength (+4).
   It makes you vulnerable to fire.
   It protects you from poison.
   It affects your resistance to hostile enchantments.
 K - a +2 hand axe of electrocution
Missiles
 r - 32 poisoned darts (quivered)
Armour
 b - a +0 scale mail
 c - a +0 kite shield (worn)
 x - a +0 plate armour (worn)
 G - a +1 cloak (worn)
 J - a +0 pair of boots (worn)
Jewellery
 l - a ring of protection from cold (left hand)
 y - an uncursed ring of flight
 E - a ring of protection from magic (right hand)
Wands
 t - a wand of enslavement (16)
 w - a wand of paralysis (9)
 B - a wand of clouds (6)
 F - a wand of polymorph (6)
 I - a wand of digging (6)
Scrolls
 e - a scroll of immolation
 j - a scroll of fog {unknown}
 n - 2 scrolls of teleportation
 o - 2 scrolls of amnesia
 q - 2 scrolls of enchant weapon
Potions
 d - a potion of might
 g - a potion of heal wounds
 h - a potion of invisibility
 k - a potion of haste
 m - 2 potions of magic
 p - 7 potions of curing
 s - 4 potions of brilliance
 u - 2 potions of lignification
 v - a potion of mutation {unknown}
 z - a potion of resistance {unknown}
 A - 3 potions of flight {unknown}
 C - a potion of berserk rage {unknown}
 D - 2 potions of cancellation
Comestibles
 f - 23 rations


   Skills:
 * Level 13.7 Fighting
 + Level 8.3 Maces & Flails
 - Level 7.0 Armour
 - Level 7.0 Shields
 - Level 5.0 Invocations


You had 10 spell levels left.
You didn't know any spells.
Your spell library contained the following spells:

 Spells                   Type           Power        Failure   Level  Hunger
 Freeze                   Ice            #...         100%        1    ##.....
 Magic Dart               Conj           #...         100%        1    ##.....
 Summon Small Mammal      Summ           #...         100%        1    ##.....
 Call Imp                 Summ           #.......     100%        2    ###....
 Searing Ray              Conj           #.....       100%        2    ###....
 Call Canine Familiar     Summ           #.......     100%        3    ####...
 Dazzling Flash           Conj/Hex       #.....       100%        3    ####...
 Frozen Ramparts          Ice            #.....       100%        3    ####...
 Ozocubu's Armour         Chrm/Ice       #.......     100%        3    ####...
 Summon Guardian Golem    Hex/Summ       #.......     100%        3    ####...
 Fulminant Prism          Conj/Hex       #.........   100%        4    #####..
 Hailstorm                Conj/Ice       #.......     100%        4    #####..
 Iskenderun's Mystic Bla  Conj/Tloc      #.......     100%        4    #####..
 Summon Ice Beast         Ice/Summ       #.......     100%        4    #####..
 Summon Lightning Spire   Summ/Air       #.......     100%        4    #####..


Dungeon Overview and Level Annotations

Branches:
Dungeon (11/15)            Temple (1/1) D:7            Lair (0/6) D:10
    Orc (0/2) D:9

Altars:
Ashenzari
Cheibriados
Dithmenos
Elyvilon
Fedhas
Gozag
Hepliaklqana
Kikubaaqudgha
Makhleb
Nemelex Xobeh
Okawaru
Qazlal
Ru
Sif Muna
Trog
Uskayaw
Vehumet
Wu Jian
Xom
Yredelemnul
Zin
The Shining One

Shops:
D:7 }::   D:8 (}:=   D:9 (

Portals:
Abyss: D:6

Annotations:
D:6 2 transporters, airwow's ghost, novice DECj


Innate Abilities, Weirdness & Mutations

You are resistant to torment.
Your stone body is resilient. (AC +8)
You are immune to poison.
You resist negative energy. (rN+)
You are resistant to electric shocks. (rElec)
You can survive without breathing.
You are immune to petrification.
You are immune to rotting.


Message History

The eight-headed hydra bites you.
* * * LOW HITPOINT WARNING * * *
The eight-headed hydra bites you.
* * * LOW HITPOINT WARNING * * *
The eight-headed hydra bites you.
* * * LOW HITPOINT WARNING * * *
Unknown command.
Unknown command.
Unknown command.
Unknown command.
You hit the eight-headed hydra.
The eight-headed hydra seems to slow down.
You freeze the eight-headed hydra.
The eight-headed hydra is almost dead.
Unknown command.
Your plate armour prevents you from hitting the eight-headed hydra.
The eight-headed hydra is almost dead.
The eight-headed hydra bites you but does no damage. x6
The eight-headed hydra bites you.
You die...

# #. ....#
#.#.#####..####
.......<.......
...........####
...........#
..........##
..........#####..
#########........
#@.......
#..D........
#...........
#........###
#?.......#
#...###### #...
####


You could see an eight-headed hydra (slow).

Vanquished Creatures
  A centaur warrior (D:10)
  2 two-headed ogres
  An unseen horror (D:10)
  A centaur skeleton (D:10)
  3 hippogriffs
  A spriggan (D:9)
  5 yaks (D:10)
  Eustachio (D:5)
  Grum (D:8)
  7 porcupines (D:10)
  5 orc warriors
  A black bear (D:8)
  2 ice beasts
  A phantom (D:7)
  3 sky beasts
  4 ogres
  3 wolves (D:7)
  2 centaurs
  3 crocodiles
  5 bullfrogs
  A wyvern zombie (D:7)
  5 scorpions
  3 killer bees (D:10)
  A howler monkey (D:6)
  6 crimson imps
  A hound (D:9)
  A bullfrog zombie (D:11)
  A jelly (D:7)
  3 bullfrog skeletons
  6 orc priests
  8 orc wizards
  13 worker ants
  2 worker ant zombies
  4 gnolls
  3 river rats (D:6)
  11 adders
  A howler monkey skeleton (D:10)
  2 shadow imps
  2 oozes
  4 adder skeletons
  3 worms
  A dart slug (D:1)
  6 leopard geckos
  31 orcs
  4 ball pythons
  7 giant cockroaches
  9 goblins
  8 hobgoblins
  8 jackals
  A quokka (D:3)
  12 bats
  8 frilled lizards
  A jackal skeleton (D:8)
  6 kobolds
  A leopard gecko zombie (D:6)
  A quokka zombie (D:7)
  16 rats
  5 fungi (D:10)
  5 plants (D:10)
263 creatures vanquished.

Vanquished Creatures (others)
  17 fungi (D:10)
  12 plants (D:10)
29 creatures vanquished.

Grand Total: 292 creatures vanquished

Notes
Turn   | Place    | Note
-------+----------+-------------------------------------------
     0 | D:1      | Ozzies the Gargoyle Fighter began the quest for the Orb.
     0 | D:1      | Reached XP level 1. HP: 14/14 MP: 1/1
   125 | D:1      | Reached XP level 2. HP: 18/20 MP: 2/2
   159 | D:1      | Reached skill level 4 in Fighting
   655 | D:1      | Reached XP level 3. HP: 22/24 MP: 3/3
  1172 | D:2      | Reached skill level 5 in Fighting
  1313 | D:2      | Reached XP level 4. HP: 31/31 MP: 4/4
  1335 | D:2      | Found a faded altar of an unknown god.
  1991 | D:3      | Reached skill level 6 in Fighting
  1991 | D:3      | Reached XP level 5. HP: 27/36 MP: 5/5
  2561 | D:4      | Reached skill level 7 in Fighting
  2805 | D:4      | Noticed an ogre
  2807 | D:4      | Noticed an ogre
  2816 | D:4      | Killed an ogre
  2816 | D:4      | Reached XP level 6. HP: 34/44 MP: 6/6
  3245 | D:4      | Reached XP level 7. HP: 41/48 MP: 7/7
  3646 | D:5      | Entered Level 5 of the Dungeon
  3672 | D:5      | Noticed Eustachio
  3701 | D:5      | Killed Eustachio
  3701 | D:5      | Reached skill level 8 in Fighting
  3701 | D:5      | Reached skill level 5 in Armour
  3701 | D:5      | Reached skill level 5 in Shields
  4177 | D:5      | Reached XP level 8. HP: 55/55 MP: 8/8
  4334 | D:5      | Reached skill level 9 in Fighting
  4571 | D:6      | Found a transporter.
  4577 | D:6      | Identified the +9 trident of Resonant Honour {distort,
                  | Int+7}
  4758 | D:6      | Found a transporter.
  4767 | D:6      | Noticed airwow's ghost (novice DECj)
  4768 | D:6      | Found the +8 demon trident "Rift" {distort, reach+}
  5023 | D:6      | Reached skill level 10 in Fighting
  5108 | D:6      | Found a hide-covered altar of Uskayaw.
  5192 | D:6      | Found a one-way gate to the infinite horrors of the Abyss.
  5225 | D:6      | Noticed an ancient zyme
  5533 | D:7      | Found Cuonestri's Gadget Shoppe.
  5562 | D:7      | Found Haibb's Book Emporium.
  5650 | D:7      | Found Qeirr's Book Emporium.
  5988 | D:7      | Found a staircase to the Ecumenical Temple.
  5997 | Temple   | Entered the Ecumenical Temple
  6105 | Temple   | Became a worshipper of Warmaster Okawaru
  6341 | D:7      | Noticed a hippogriff
  6367 | D:7      | Killed a hippogriff
  6367 | D:7      | Reached skill level 5 in Maces & Flails
  6367 | D:7      | Reached skill level 1 in Invocations
  6367 | D:7      | Reached XP level 9. HP: 53/62 MP: 8/10
  6380 | D:7      | Reached * piety under Okawaru
  6408 | D:7      | Noticed a two-headed ogre
  6430 | D:7      | Killed a two-headed ogre
  6430 | D:7      | Reached ** piety under Okawaru
  6430 | D:7      | Reached skill level 11 in Fighting
  6857 | D:8      | Found Geur Demp's Gadget Shoppe.
  6866 | D:8      | Noticed Grum
  7343 | D:8      | Reached XP level 10. HP: 60/71 MP: 13/13
  7356 | D:8      | Killed Grum
  7785 | D:7      | HP: 5/106 [orc warrior/+0 dire flail of protection (6)]
  7790 | D:7      | Reached skill level 12 in Fighting
  8142 | D:8      | Reached skill level 5 in Invocations
  8320 | D:8      | Reached *** piety under Okawaru
  8446 | D:8      | Found Nooc's Antique Weapon Boutique.
  8562 | D:8      | Found Limm's Book Shop.
  8633 | D:8      | Found Cyigusid's Jewellery Emporium.
  8638 | D:8      | Bought an uncursed ring of protection from magic for 250
                  | gold pieces
  8985 | D:9      | Found a white marble altar of Elyvilon.
  8988 | D:9      | Found a shimmering altar of Xom.
  8991 | D:9      | Found a shadowy altar of Dithmenos.
  9005 | D:9      | Found a glowing silver altar of Zin.
  9072 | D:9      | Got an iridescent short sword
  9072 | D:9      | Identified the +8 short sword of Exquisite Death {holy,
                  | rPois rF- MR++ Str+4} (You found it on level 9 of the
                  | Dungeon)
  9097 | D:9      | Found a glowing golden altar of the Shining One.
  9453 | D:9      | Found Amuata's Weapon Boutique.
  9453 | D:9      | Found a staircase to the Orcish Mines.
  9933 | D:9      | Bought a +2 hand axe of electrocution for 253 gold pieces
  9989 | D:10     | Entered Level 10 of the Dungeon
 10070 | D:10     | Killed an unseen horror
 10070 | D:10     | Reached **** piety under Okawaru
 10186 | D:10     | Found a staircase to the Lair.
 10187 | D:10     | Noticed a centaur warrior
 10191 | D:10     | Noticed a two-headed ogre
 10204 | D:10     | Killed a centaur warrior
 10208 | D:10     | Reached skill level 13 in Fighting
 10208 | D:10     | Reached XP level 11. HP: 48/78 MP: 14/14
 10213 | D:10     | Killed a two-headed ogre
 10726 | D:10     | Reached ***** piety under Okawaru
 11278 | D:11     | Received a gift from Okawaru
 11286 | D:11     | Noticed an eight-headed hydra
 11300 | D:11     | HP: 3/79 [eight-headed hydra (3)]
 11302 | D:11     | Slain by an eight-headed hydra

Illustrated notes

Levels and vault maps discovered:
D:1:      dpeg_arrival_radiant, layout_basic, minmay_indecisive_spiral
D:2:      layout_loops_cross, chequers_ecumenical_altar_simple
D:3:      wad_river_or_something, layout_rooms
D:4:      layout_loops_corners, first_ration
D:5:      layout_rooms, uniq_eustachio
D:6:      layout_loops_cross, eat_drink_and_be_merry_uskayaw,
          portal_sewer_entry_e, gammafunk_ghost_abyssal_escape
D:7:      kennysheep_windowed_halls, layout_rooms,
          minmay_temple_entry_proselytizer, serial_shops, shop,
          nicolae_shop_temple_entry_statues_fountains, shop
D:8:      layout_cave_pools, serial_shops, shop_coins, nicolae_shop_crystal,
          kennysheep_little_box, kennysheep_mini_moat, uniq_grum
D:9:      layout_stronghold, nicolae_overflow_crystal_walls,
          grunt_temple_overflow_cloverleaf, orc_david_3, grunt_pizzeria,
          serial_park_tiny_1
D:10:     layout_loops_ring, due_lair_maze_entry_diamond
D:11:     layout_basic, uniq_erolcha
Temple:   regret_index_temple_sphere_string

Skill      XL: |  1  2  3  4  5  6  7  8  9 10 11 |
---------------+----------------------------------+-----
Fighting       | 4 5 6 7 8 10 11 13 | 13.7
Armour         | 4 5 6 7 |  7.0
Shields        | 4 5 6 7 |  7.0
Maces & Flails | 5 6 7 8 |  8.3
Invocations    | 1 4 5 |  5.0

Action                   |  1- 3 |  4- 6 |  7- 9 | 10-12 || total
-------------------------+-------+-------+-------+-------++-------
Melee: Flail             |    74 |       |       |       ||    74
       Whip              |    59 |   177 |   594 |   261 ||  1091
       Hand axe          |       |       |       |   180 ||   180
Throw: Dart              |       |       |       |     1 ||     1
Invok: Heroism           |       |       |     1 |     1 ||     2
  Use: Scroll            |       |       |    17 |     3 ||    20
       Potion            |       |       |       |     2 ||     2
  Eat: Chunk             |     1 |     6 |     8 |     9 ||    24
       Ration            |       |       |     2 |     1 ||     3
Armor: Scale mail        |    60 |    92 |     2 |       ||   154
       Plate armour      |       |       |   497 |   366 ||   863
       Skin              |       |       |       |    17 ||    17
Dodge: Dodged            |    35 |    63 |   110 |    73 ||   281
Block: Kite shield       |    56 |    69 |   337 |   300 ||   762

Table legend:
 A = Non-vault XP
 B = Vault XP
 C = Vault XP percentage of total XP
 D = Non-vault monster count
 E = Vault monster count
 F = Vault count percentage of total count
                 A         B        C        D         E       F
            +---------+---------+-------+---------+---------+-------
      Total |    9333 |    4065 |  30.3 |     199 |      54 |  21.3
            +---------+---------+-------+---------+---------+-------
        D:1 |      47 |       6 |  11.3 |      26 |       4 |  13.3
        D:2 |      44 |       0 |   0.0 |      22 |       0 |   0.0
        D:3 |     130 |      39 |  23.1 |      23 |       9 |  28.1
        D:4 |     546 |       0 |   0.0 |      12 |       0 |   0.0
        D:5 |     369 |     196 |  34.7 |      19 |       1 |   5.0
        D:6 |     445 |      45 |   9.2 |      19 |       8 |  29.6
        D:7 |     876 |    1922 |  68.7 |      17 |      16 |  48.5
        D:8 |     875 |     182 |  17.2 |      19 |       1 |   5.0
        D:9 |     743 |     479 |  39.2 |      11 |       6 |  35.3
       D:10 |    5215 |    1196 |  18.7 |      30 |       9 |  23.1
       D:11 |      43 |       0 |   0.0 |       1 |       0 |   0.0
            +---------+---------+-------+---------+---------+-------
